 Dungeon Sprint DCSS version 0.18.1-50-g88ac8fd (webtiles) character file.

1100000 Ropoloid1 the Sorcerer (level 13, -8/88 HPs)
             Began as a Demonspawn Wizard on Oct 28, 2016.
             Was a Follower of Makhleb.
             Mangled by a meat berserker
             ... wielding a +9 battleaxe
              (64 damage)
             ... in the Dungeon (Sprint VIII: "Arena of Blood").
             The game lasted 00:00:20 (11 turns).

Ropoloid1 the Sorcerer (Demonspawn Wizard)            Turns: 11, Time: 00:00:21

Health: -8/88      AC:  4    Str: 13    XL:     13   Next: 71%
Magic:  4/43       EV: 19    Int: 19    God:    Makhleb [*.....]
Gold:   0          SH:  2    Dex: 12    Spells: 1 memorised, 63 levels left

rFire  . . .     SeeInvis .     k - +∞ Axe of Woe
rCold  . . .     Gourm    .     a - +0 robe
rNeg   . . .     Faith    .     (shield currently unavailable)
rPois  .         Spirit   .     b - +0 hat
rElec  .         Dismiss  .     (no cloak)
rCorr  .         Reflect  .     (no gloves)
SustAt .         Harm     .     (no boots)
MR     .....     NoTele   +     (no amulet)
Stlth  ++++......               (no ring)
                                (no ring)

@: not resistant to hostile enchantments, stealthy
A: hooves 2, large bone plates 1, demonic guardian 1, powered by pain 2
a: Renounce Religion


You were in the Dungeon.
You worshipped Makhleb.
Makhleb was aware of your devotion.
You were not hungry.

You visited 1 branch

Inventory:

Hand Weapons
 k - the +∞ Axe of Woe (weapon)
   (You found it in the Dungeon)
Armour
 a - a +0 robe (worn)
 b - a +0 hat (worn)
Scrolls
 j - a scroll of blinking
Potions
 e - a potion of curing
 f - a potion of heal wounds
 g - a potion of haste
 h - 2 potions of magic
 i - a potion of berserk rage
Books
 c - a book of Minor Magic

   Spells                             Type                      Level
   a - Magic Dart                     Conjuration                  1
   b - Blink                          Translocation                2
   c - Call Imp                       Summoning                    2
   d - Repel Missiles                 Charms/Air                   2
   e - Slow                           Hexes                        2
   f - Conjure Flame                  Conjuration/Fire             3
   g - Mephitic Cloud                 Conjuration/Poison/Air       3
Comestibles
 d - a bread ration


   Skills:
 + Level 3.7 Fighting
 + Level 3.2 Axes
 + Level 13.2 Dodging
 + Level 11.8 Stealth
 + Level 26.2 Spellcasting
 + Level 3.9 Conjurations
   Level 1.0 Summonings
   Level 0.8 Translocations


You had 63 spell levels left.
You knew the following spells:

 Your Spells              Type           Power        Failure   Level  Hunger
a - Magic Dart            Conj           ####         1%          1    None


Dungeon Overview and Level Annotations

Branches:
Dungeon (1/1)

Altars:
Makhleb


Innate Abilities, Weirdness & Mutations

You have hoof-like feet.
You are partially covered in large bone plates (AC +2, SH +2).
A weak demonic guardian rushes to your aid.
You sometimes gain power by taking damage.


Message History

Makhleb accepts your kill.
You can now gain health from killing.
Your Axes skill increases to level 3!
Your Dodging skill increases to level 13!
Your Stealth skill increases to level 11!
Your Spellcasting skill gained 2 levels and is now at level 26!
You hear a shout! x7
The meat berserker hits you with a +9 battleaxe!!
You hear a shout! x3
The bag of meat misses your quasit.
You hear a shout! x3
The bag of meat appears out of thin air!
A bag of meat comes into view. It is wielding a +9 war axe.
You hear a shout! x2
The bag of meat hits you with a +9 war axe!
The bag of meat hits your quasit with a +9 war axe!!
Your quasit dies!
You hear a shout! x4
The meat berserker hits you with a +9 battleaxe!!!
Ouch! That really hurt!
You die...

.. #.....#......
....#_.<.o#......
....#.....#......
......._.........
......###.......o
.###.......###...
#.......# .
..#.....O.#....
...oo.o@oo.....
......oo..o...#
....o.o..o..o#.
.......o..o##..
.#oC..o...#....
..oo...o..#...
##.#....... ...
........... ..


You could see a large bag of meat (inner flame), a meat berserker (berserk) and
20 bags of meat.

Vanquished Creatures
  An ogre (D)
  An orc (D)
2 creatures vanquished.

Notes
Turn   | Place    | Note
--------------------------------------------------------------
     0 | D        | Ropoloid1 the Demonspawn Wizard began the quest for the Orb.
     0 | D        | Reached XP level 1. HP: 13/13 MP: 4/4
     3 | D        | Noticed a bag of meat
     4 | D        | Became a worshipper of Makhleb the Destroyer
     7 | D        | Noticed a bag of meat
     7 | D        | Noticed a bag of meat
     7 | D        | Noticed a bag of meat
     8 | D        | Noticed a bag of meat
     8 | D        | Noticed a bag of meat
     8 | D        | Noticed a meat berserker
     8 | D        | Noticed a bag of meat
     8 | D        | Noticed a bag of meat
     8 | D        | Noticed a bag of meat
     8 | D        | Noticed a bag of meat
     9 | D        | Noticed a bag of meat
     9 | D        | Noticed a bag of meat
     9 | D        | Noticed a bag of meat
     9 | D        | Noticed a bag of meat
     9 | D        | Noticed a bag of meat
    10 | D        | Noticed a bag of meat
    10 | D        | Noticed a bag of meat
    10 | D        | Noticed a large bag of meat
    10 | D        | Noticed a bag of meat
    10 | D        | Noticed a bag of meat
    10 | D        | Noticed a bag of meat
    11 | D        | Noticed a bag of meat
    11 | D        | Noticed a bag of meat
    11 | D        | Noticed a meat berserker
    11 | D        | Killed a meat berserker
    11 | D        | Reached skill level 10 in Stealth
    11 | D        | Reached skill level 24 in Spellcasting
    11 | D        | Gained mutation: You are partially covered in large bone plates (AC +2, SH +2). [demonic ancestry]
    11 | D        | Reached XP level 2. HP: 24/24 MP: 4/27
    11 | D        | Gained mutation: A weak demonic guardian rushes to your aid. [demonic ancestry]
    11 | D        | Reached XP level 3. HP: 29/29 MP: 4/28
    11 | D        | Reached XP level 4. HP: 35/35 MP: 4/30
    11 | D        | Gained mutation: You have large cloven feet. [demonic ancestry]
    11 | D        | Reached XP level 5. HP: 41/41 MP: 4/31
    11 | D        | Reached XP level 6. HP: 47/47 MP: 4/33
    11 | D        | Reached XP level 7. HP: 52/52 MP: 4/34
    11 | D        | Reached XP level 8. HP: 58/58 MP: 4/36
    11 | D        | Reached XP level 9. HP: 64/64 MP: 4/37
    11 | D        | Gained mutation: You have hoof-like feet. [demonic ancestry]
    11 | D        | Reached XP level 10. HP: 70/70 MP: 4/38
    11 | D        | Gained mutation: You sometimes gain a little power by taking damage. [demonic ancestry]
    11 | D        | Reached XP level 11. HP: 75/75 MP: 4/39
    11 | D        | Reached XP level 12. HP: 81/81 MP: 4/40
    11 | D        | Gained mutation: You sometimes gain power by taking damage. [demonic ancestry]
    11 | D        | Reached XP level 13. HP: 86/86 MP: 4/41
    11 | D        | Killed a bag of meat
    11 | D        | Reached * piety under Makhleb
    11 | D        | Reached skill level 26 in Spellcasting
    11 | D        | Mangled by a meat berserker

Skill      XL: |  1  2  3  4  5  6  7  8  9 10 11 12 13 |
---------------+----------------------------------------+-----
Fighting       | 3 |  3.7
Axes           | 2 3 |  3.2
Dodging        | 12 13 | 13.2
Stealth        | 10 11 | 11.8
Spellcasting   | 24 26 | 26.2
Conjurations   | 3 |  3.9
Summonings     | |  1.0
Translocations | |  0.8

Action                   |  1- 3 |  4- 6 |  7- 9 | 10-12 | 13-15 || total
-------------------------+-------+-------+-------+-------+-------++-------
Melee: Executioner's axe |     1 |       |       |       |       ||     1
